AoeStats
← thecartelflow

Hideout

510144562Analyzed
1v1 RM · 4d ago on Sep 29, 2026· 32m 50s· 2 players
Game mode
Random Map
Map size
Tiny (2 player)
Population
200
Speed
Normal
Resources
Standard
Victory
Conquest
Starting age
Dark Age
Ending age
Imperial Age
RankedLock teamsTeams togetherTeam positionsShared explorationLock speedFull tech treeHidden civsTurbo modeCheats
Victory
Defeat
🇹🇼 Turks · Taiwan
824
+17
🇺🇸 Franks · United States
855
-46
英京塚大
13:07 Feudal Age
18:36 Castle Age
17:14 Town Watch
17:13 Horse Collar
17:27 Gold Mining
17:24 Double-Bit Axe
17:32 Stone Mining
25:36 Imperial Age
24:09 Bow Saw
26:19 Loom
26:36 Town Patrol
27:11 Wheelbarrow
28:35 Fletching
31:21 Bodkin Arrow
thecartelflow
1:17 Loom
15:25 Feudal Age
16:48 Wheelbarrow
19:04 Padded Archer Armor
18:54 Fletching
21:49 Arson
22:29 Gold Mining
26:07 Castle Age
24:43 Man-at-Arms
27:12 Hand Cart
30:07 Leather Archer Armor
29:48 Bodkin Arrow
29:59 Scale Barding Armor
29:55 Scale Mail Armor
Connection lost

Rejoining the realm…

Still unreachable

The connection could not be restored.

Session expired

The server has moved on; the page needs a fresh start.